 Dungeon Crawl Stone Soup version 0.27.1-35-g4d5d836560 (console) character file.

Game seed: 6339118570596328779

309596 grimtooth the Warrior (level 20, -8/173 HPs)
             Began as a Palentonga Abyssal Knight on June 9, 2022.
             Was the Champion of Lugonu.
             Mangled by a vault warden (18 damage)
             ... on level 4 of the Vaults on June 12, 2022.
             The game lasted 08:15:59 (52808 turns).

grimtooth the Warrior (Palentonga Abyssal Knight)  Turns: 52808, Time: 08:16:00

Health: -8/173     AC: 36    Str: 18    XL:     20   Next: 37%
Magic:  38/42      EV: 11    Int: 23    God:    Lugonu [******]
Gold:   2154       SH:  0    Dex: 16    Spells: 18/37 levels left

rFire    + + .     SeeInvis +   a - +0 lajatang (vamp)
rCold    . . .     Faith    .   (shield currently unavailable)
rNeg     . . .     Spirit   .   c - +7 ring mail of Pleasant Breezes {+Inv rElec Dex+4}
rPois    .         Reflect  .   y - +2 helmet {Int+3}
rElec    +         Harm     .   D - +2 cloak
rCorr    .         Rampage  .   M - +0 pair of gloves
Will     ++++.                  J - +1 barding {rF+}
Stlth    +.........             j - amulet "Ahygy" {Regen+ Slay+3}
HPRegen  1.38/turn              w - ring "Jihin" {Will+ MP+9 Dex+3}
MPRegen  0.28/turn              S - ring of Desertification {Wiz Drain Will++}

@: curled up
A: large, rugged brown scales 3, see invisible, deformed body, roll 2, armoured
tail, reflexive curl, fire resistance 1, mutation resistance 1, screaming 1
}: 2/15 runes: serpentine, barnacled
a: Rolling Charge, Renounce Religion, Evoke Invisibility, Depart the Abyss, Bend
Space, Banish, Corrupt, Enter the Abyss, Brand Weapon With Distortion


You were on level 4 of the Vaults.
You worshipped Lugonu.
Lugonu was exalted by your worship.
You visited 6 branches of the dungeon, and saw 35 of its levels.
You visited the Abyss 1 time.
You also visited: Bailey and Ice Cave.

You collected 4991 gold pieces.
You spent 2837 gold pieces at shops.

Inventory:

Hand Weapons
 a - a +0 vampiric lajatang (weapon)
 b - a +1 eveningstar of holy wrath
 d - a +4 morningstar of distortion
 x - a +2 quarterstaff of speed
 K - a +5 morningstar of draining
Missiles
 f - 1073 stones
 k - 11 boomerangs of dispersal
 t - 7 curare-tipped darts
 I - 10 throwing nets {=f}
 V - 65 boomerangs (quivered)
Armour
 c - the +7 ring mail of Pleasant Breezes (worn) {+Inv rElec Dex+4}
   (You found it on level 6 of the Dungeon)

   Dex:       It affects your dexterity (+4).
   rElec:     It insulates you from electricity.
   +Inv:      It lets you turn invisible.
 s - a scarf of resistance
 y - a +2 helmet of intelligence (worn)
 D - a +2 cloak (worn)
 J - a +1 barding of fire resistance (worn)
 M - a +0 pair of gloves (worn)
 Q - a +0 buckler of positive energy
Jewellery
 j - the amulet "Ahygy" (around neck) {Regen+ Slay+3}
   (You acquired it in a bailey)

   [amulet of regeneration]

   Slay:      It affects your accuracy & damage with ranged weapons and melee
   (+3).
   Regen:     It increases your rate of health regeneration.
 n - the ring of Fent {rPois rN+ Will+ Dex+2}
   (You acquired it on level 2 of the Vaults)

   [ring of poison resistance]

   Dex:       It affects your dexterity (+2).
   rPois:     It protects you from poison.
   rN:        It protects you from negative energy.
   Will:      It increases your willpower.
 w - the ring "Jihin" (left hand) {Will+ MP+9 Dex+3}
   (You found it on level 1 of the Vaults)

   [ring of magical power]

   Dex:       It affects your dexterity (+3).
   MP:        It affects your magic capacity (+9).
   Will:      It increases your willpower.
 S - the ring of Desertification (right hand) {Wiz Drain Will++}
   (You found it on level 13 of the Dungeon)

   [ring of wizardry]

   It improves your spell success rate.
   Drain:     It drains your maximum health when unequipped.
   Will:      It greatly increases your willpower.
 T - a +4 ring of protection
 Z - the ring "Bomoh" {rPois rC+ Will- SInv}
   (You found it in an ice cave)

   [ring of protection from cold]

   rC:        It protects you from cold.
   rPois:     It protects you from poison.
   SInv:      It lets you see invisible.
   Will:      It decreases your willpower.
Wands
 o - a wand of digging (10)
 u - a wand of mindburst (3)
 v - a wand of flame (21)
 z - a wand of paralysis (8)
 A - a wand of iceblast (3)
 F - a wand of acid (8)
 L - a wand of polymorph (27)
Scrolls
 h - 3 scrolls of summoning
 l - 4 scrolls of magic mapping
 q - 9 scrolls of teleportation
 B - 2 scrolls of identify {@r4}
 O - 3 scrolls of fear
 R - 4 scrolls of vulnerability
 X - a scroll of fog
Potions
 e - a potion of flight
 g - 6 potions of ambrosia
 i - 4 potions of haste
 m - 2 potions of resistance
 p - 4 potions of brilliance
 r - a potion of cancellation
 C - 4 potions of lignification
 G - 2 potions of curing
 N - 3 potions of attraction


   Skills:
 - Level 15.0 Fighting
 - Level 12.1(14.0) Maces & Flails
 - Level 12.1(14.0) Staves
 - Level 10.0 Armour
 - Level 9.0 Dodging
 - Level 4.0 Shields
 - Level 9.0 Spellcasting
 - Level 12.1 Necromancy
 * Level 10.5 Translocations
 - Level 12.0 Earth Magic
 + Level 12.2 Invocations
 - Level 9.0 Evocations


You had 18 spell levels left.
You knew the following spells:

 Your Spells              Type           Power      Damage    Failure   Level
a - Sandblast             Erth           100%       2d20      1%          1
b - Pain                  Necr           100%       1d9       1%          1
c - Borgnjor's Vile Clut  Necr/Erth      30%        N/A       1%          5
d - Lee's Rapid Deconstr  Erth           30%        3d17*     1%          5
f - Manifold Assault      Tloc           56%        N/A       1%          5
k - Blink                 Tloc           N/A        N/A       1%          2

Your spell library contained the following spells:

 Spells                   Type           Power      Damage    Failure   Level
 Passwall                 Tmut/Erth      30%        N/A       1%          2
 Sublimation of Blood     Necr           30%        N/A       1%          2
 Vampiric Draining        Necr           30%        2d10      1%          3
 Animate Dead             Necr           30%        N/A       1%          4
 Dispel Undead            Necr           60%        3d21      1%          4
 Agony                    Necr           60%        N/A       1%          5
 Excruciating Wounds      Necr           30%        N/A       1%          5
 Animate Armour           Summ/Erth      74%        N/A       3%          4
 Leda's Liquefaction      Hex/Erth       18%        N/A       3%          4
 Petrify                  Tmut/Erth      37%        N/A       3%          4
 Beastly Appendage        Tmut           20%        N/A       4%          1
 Magic Dart               Conj           40%        1d5       4%          1
 Sting                    Tmut/Pois      40%        1d5       4%          1
 Iskenderun's Mystic Bla  Conj/Tloc      34%        2d8       4%          4
 Call Imp                 Summ           10%        N/A       6%          2
 Ensorcelled Hibernation  Hex/Ice        20%        N/A       6%          2
 Searing Ray              Conj           20%        3d3       6%          2
 Slow                     Hex            10%        N/A       6%          2
 Static Discharge         Conj/Air       10%        N/A       6%          2
 Wereblood                Tmut           10%        N/A       6%          2
 Dispersal                Tloc           28%        N/A       9%          6
 Confusing Touch          Hex            10%        N/A       12%         3
 Dazzling Flash           Conj/Hex       20%        N/A       12%         3
 Mephitic Cloud           Conj/Pois/Air  10%        N/A       12%         3
 Ozocubu's Armour         Ice            10%        N/A       12%         3
 Spider Form              Tmut/Pois      5%         N/A       12%         3
 Bolt of Magma            Conj/Fire/Erth 14%        4d8       21%         5
 Fulminant Prism          Conj/Hex       5%         3d7       34%         4
 Olgreb's Toxic Radiance  Pois           10%        N/A       34%         4
 Sticky Flame             Conj/Fire      10%        2d3       34%         4
 Summon Ice Beast         Ice/Summ       10%        N/A       34%         4
 Iron Shot                Conj/Erth      18%        9d4       43%         6
 Simulacrum               Ice/Necr       19%        N/A       43%         6
 Statue Form              Tmut/Erth      24%        N/A       43%         6
 Alistair's Intoxication  Tmut/Pois      6%         N/A       69%         5
 Blade Hands              Tmut           5%         N/A       69%         5
 Metabolic Englaciation   Hex/Ice        5%         N/A       69%         5
 Infestation              Necr           30%        N/A       85%         8
 Haunt                    Necr/Summ      19%        N/A       93%         7
 Disjunction              Tloc           28%        N/A       96%         8
 Eringya's Noxious Bog    Tmut/Pois      5%         N/A       99%         6
 Starburst                Conj/Fire      5%         6d4       99%         6
 Ozocubu's Refrigeration  Ice            5%         4d6       100%        7
 Storm Form               Tmut/Air       5%         N/A       100%        7
 Summon Hydra             Summ           5%         N/A       100%        7
 Polar Vortex             Ice            5%         N/A       100%        9


Dungeon Overview and Level Annotations

Branches:
Dungeon (15/15)            Temple (0/1) D:5            Lair (6/6) D:9
 Shoals (4/4) Lair:2        Snake (4/4) Lair:3        Slime (0/5) Lair:6
    Orc (2/2) D:11            Elf (0/3) Orc:2        Vaults (4/5) D:14
  Crypt (0/3) Vaults:2     Depths (0/5) D:15         Bailey (visited)
  IceCv (visited)

Altars:
Ashenzari
Cheibriados
Elyvilon
Fedhas
Kikubaaqudgha
Nemelex Xobeh
Okawaru
Qazlal
Ru
Uskayaw
Wu Jian
Xom
Yredelemnul
Zin
Beogh

Shops:
D:3 *   D:6 *(*   D:9 *   D:12 [   Orc:2 =([*   Snake:1 **   Snake:3 ?:

Portals:
Abyss: D:3

Annotations:
D:3 2 transporters, styxcanada's ghost, amateur SpBr
D:9 exclusion: obsidian statue
D:10 1 runed translucent door
D:15 corrupted
Lair:4 2 transporters, exclusion: oklob plant, Murgh's ghost, journeyman MiBe; Senaot's ghost, journeyman GrFi
Shoals:1 2 runed translucent doors, Heh's ghost, adept DsGl
Vaults:1 corrupted
Vaults:2 corrupted
Abyss:1 Ilsuiw; Kirke; Nergalle


Innate Abilities, Weirdness & Mutations

You are completely covered in rugged brown scales. (AC +3, +7% HP)
You have supernaturally acute eyesight. (SInv)
Armour fits poorly on your strangely shaped body.
You can roll at foes to attack.
You have a long armoured tail.
You curl defensively after being hit.
Your flesh is heat resistant. (rF+)
You are somewhat resistant to further mutation.
You occasionally shout uncontrollably at your foes.


Message History

The deep troll claws you!
The deep troll claws you but does no damage.
You hit the yaktaur.
You feel better.
The yaktaur is heavily wounded.
The vault guard closely misses you.
The vault warden hits you with a +1 long sword of protection.
* * * LOW HITPOINT WARNING * * *
The yaktaur hits you but does no damage.
You chop the yaktaur into pieces!!!
You feel better.
You kill the yaktaur!
Lugonu accepts your kill.
The deep troll bites you but does no damage.
The deep troll barely misses you. The deep troll claws you!
The vault guard hits you but does no damage.
The vault warden hits you but does no damage.
You closely miss the deep troll. You tail-slap the deep troll!
The deep troll is lightly wounded.
The vault sentinel blows a loud note on a signal horn!
The deep troll bites you. The deep troll barely misses you.
The deep troll claws you!
* * * LOW HITPOINT WARNING * * *
The vault warden hits you with a +0 dire flail!!
* * * LOW HITPOINT WARNING * * *
The vault guard hits you with a +0 broad axe!
* * * LOW HITPOINT WARNING * * *
You hear a shout! x2
Casting: Borgnjor's Vile Clutch (mildly dangerous; 1% risk of failure)
Confirm with . or Enter, or press ? or * to list all spells.
You blink.
The vault warden hits you with a +1 long sword of protection!!
* * * LOW HITPOINT WARNING * * *
A vault sentinel opens the door.
The deep troll bites you.
* * * LOW HITPOINT WARNING * * *
The deep troll claws you but does no damage. x2
Okay, then.
Enter note: - ohshit
As you read the scroll of fog, it crumbles to dust.
The scroll dissolves into smoke.
The vault warden hits you with a +1 long sword of protection!!
You die...

#.........#
#.........#
#.........#
#.........#
#.........#
#.........#
#.........#
#...p.....#
#p)########
###pp§#
#.§@T.#
###+p§#
####


You could see 2 vault wardens, a vault guard (strong), a deep troll and a vault
sentinel (catching breath).

Vanquished Creatures
  Vashnia (Snake:4)
  Nikola (Shoals:3)
  A lich (Vaults:1)
  Asterion (Snake:4)
  4 nagarajas
  3 azure jellies (IceCv)
  4 vault wardens
  2 orc warlords
  Aizul (Snake:4)
  8 ironbound preservers
  3 very ugly things (Vaults:2)
  2 stone giants (Vaults:2)
  4 quicksilver oozes (IceCv)
  3 entropy weavers
  6 dire elephants
  6 merfolk javelineers
  An ettin (Orc:2)
  11 merfolk impalers
  6 yaktaur captains
  A deep elf high priest (Vaults:4)
  A boulder beetle (D:12)
  A vault guard (Vaults:4)
  4 ironbound thunderhulks
  2 peacekeepers
  10 naga warriors
  7 hydras
  6 merfolk avatars
  4 satyrs (Shoals:4)
  3 merfolk aquamancers (Shoals:4)
  7 ironbound frosthearts
  6 two-headed ogres
  7 centaur warriors
  An alligator snapping turtle (Shoals:2)
  16 anacondas
  A tengu warrior (D:14)
  5 ironbound beastmasters
  4 shock serpents
  Urug (D:11)
  4 orc high priests
  3 death yaks (Lair:3)
  12 naga sharpshooters
  2 skeletal warriors (Vaults:2)
  A salamander mystic (Snake:1)
  7 sea snakes
  2 spectral anacondas (Snake:4)
  7 naga ritualists
  25 deep trolls
  2 anaconda zombies (Snake:4)
  9 ironbound convokers
  8 lindwurms
  2 orange crystal statues (IceCv)
  3 anaconda skeletons (Snake:4)
  11 orc knights
  3 necromancers
  4 deep elf pyromancers
  6 wizards
  25 harpies
  7 orc sorcerers
  A wolf spider (D:15)
  24 ugly things
  18 fauns
  9 salamanders
  A sphinx skeleton (Vaults:2)
  6 merfolk sirens
  6 mana vipers
  7 cyclopes
  8 guardian serpents
  Maurice (D:10)
  A shadow dragon skeleton (Vaults:2)
  25 manticores
  7 elephants
  28 black mambas
  2 stone giant skeletons (Vaults:2)
  5 water nymphs
  6 vault sentinels
  7 cane toads
  13 naga magi
  3 torpor snails (Lair:3)
  3 kobold demonologists
  18 yaktaurs
  A cane toad (shapeshifter) (D:14)
  A gargoyle (D:9)
  Psyche (D:11)
  A human zombie (Vaults:1)
  An unseen horror (D:14)
  4 komodo dragons
  3 rime drakes
  3 tengu conjurers (D:14)
  2 yaktaur skeletons (Vaults:2)
  9 anaconda simulacra
  2 entropy weaver simulacra
  A very ugly thing simulacrum (IceCv)
  28 merfolk
  6 meliai
  A queen bee (D:12)
  4 jumping spiders
  4 trolls
  A meliai (shapeshifter) (D:15)
  5 hornets
  10 polar bears
  9 blink frogs (Lair:5)
  A wind drake (shapeshifter) (D:13)
  8 wind drakes
  17 dream sheep
  6 snapping turtles
  26 slime creatures
  3 shadows
  A centaur simulacrum (D:14)
  2 ettin skeletons (Vaults:2)
  6 redbacks
  11 spriggans (Lair:6)
  2 wraiths (D:12)
  A vampire (D:9)
  A tarantella (Vaults:3)
  16 humans
  6 hogs (Snake:4)
  8 water elementals
  68 yaks
  A fire bat (D:12)
  4 basilisks
  A steam dragon (D:8)
  Eustachio (D:5)
  2 vampire mosquitoes
  8 wargs
  2 minotaur simulacra (Shoals:1)
  3 elf skeletons
  2 harpy simulacra (Shoals:1)
  2 acid dragons
  48 nagas
  A floating eye (Lair:6)
  15 water moccasins
  An ice beast (D:6)
  6 black bears
  A sky beast (D:7)
  An alligator simulacrum (Shoals:1)
  An ugly thing simulacrum (IceCv)
  41 orc warriors
  5 ogres
  21 wolves
  4 boggarts (Lair:6)
  A phantom (D:11)
  13 centaurs
  4 human skeletons (Vaults:2)
  8 kobold brigands
  Blork the orc (Orc:2)
  8 bullfrogs
  3 gnoll sergeants
  An ogre simulacrum (Vaults:1)
  A scorpion (D:5)
  A deep troll simulacrum (Shoals:1)
  2 troll zombies (D:11)
  16 killer bees (D:12)
  4 wights
  A bullfrog zombie (D:6)
  6 electric eels
  8 howler monkeys
  6 centaur zombies
  A crimson imp (D:8)
  A hound (D:4)
  2 jellies
  15 orc priests
  Crazy Yiuf (D:7)
  2 gnoll shamans
  An iguana (D:7)
  33 orc wizards
  24 hell rats
  2 killer bee zombies
  6 ogre zombies (D:11)
  A hound zombie (D:5)
  A hound skeleton (D:5)
  2 howler monkey skeletons
  18 gnolls
  12 adders
  A shadow imp (D:6)
  4 white imps
  An ufetubus (D:5)
  An adder skeleton (D:5)
  A worm (D:2)
  A dart slug (D:2)
  94 orcs
  13 ball pythons
  3 endoplasms
  5 giant cockroaches
  8 goblins
  8 hobgoblins
  6 jackals
  20 kobolds
  2 quokkas
  7 bats
  A frilled lizard (D:2)
  2 goblin skeletons (D:11)
  2 goblin zombies (D:11)
  2 hobgoblin skeletons (D:11)
  3 hobgoblin zombies (D:11)
  An orc skeleton (D:11)
  15 orc zombies (D:11)
  8 rats
1363 creatures vanquished.

Vanquished Creatures (others)
  An ironbound preserver (Vaults:2)
  A merfolk javelineer (Shoals:3)
  2 ironbound thunderhulks
  An ironbound frostheart (Vaults:1)
  A centaur warrior (D:15)
  An ironbound beastmaster (Vaults:1)
  A spectral anaconda (Snake:4)
  A tengu zombie (Vaults:2)
  A lindwurm (Vaults:1)
  An orc knight (Vaults:2)
  A cyclops (D:15)
  A human zombie (Vaults:2)
  2 entropy weaver simulacra (IceCv)
  2 very ugly thing simulacra (IceCv)
  A yaktaur skeleton (Vaults:2)
  3 merfolk
  A human skeleton (Vaults:2)
  A snapping turtle (Shoals:3)
  A naga (Snake:2)
  An ugly thing simulacrum (IceCv)
  6 centaurs
  A bush (Lair:1)
  18 fungi
  249 plants
299 creatures vanquished.

Grand Total: 1662 creatures vanquished

Notes
Turn   | Place    | Note
-------+----------+-------------------------------------------
     0 | Abyss:1  | grimtooth the Palentonga Abyssal Knight began the quest for
                  | the Orb.
     0 | Abyss:1  | Reached XP level 1. HP: 19/19 MP: 2/2
    46 | Abyss:1  | Found a corrupted altar of Lugonu.
   146 | Abyss:1  | Noticed a raiju
   147 | D:1      | Escaped the Abyss
   353 | D:1      | Reached XP level 2. HP: 10/25 MP: 3/3
   681 | D:1      | Reached * piety under Lugonu
  1003 | D:1      | Reached XP level 3. HP: 27/31 MP: 4/4
  1501 | D:2      | Reached ** piety under Lugonu
  1547 | D:2      | Reached XP level 4. HP: 39/39 MP: 5/5
  2210 | D:2      | Reached skill level 4 in Fighting
  2479 | D:2      | Reached XP level 5. HP: 23/44 MP: 6/6
  3083 | D:3      | Found Teuxutug's General Store.
  3287 | D:3      | Found an ornate altar of the Wu Jian Council.
  3288 | D:3      | Found a sparkling altar of Nemelex Xobeh.
  3290 | D:3      | Found an iron altar of Okawaru.
  3291 | D:3      | Found a shimmering altar of Xom.
  3292 | D:3      | Found a blossoming altar of Fedhas.
  3292 | D:3      | Found an ancient bone altar of Kikubaaqudgha.
  3292 | D:3      | Found a glowing silver altar of Zin.
  3297 | D:3      | Found a hide-covered altar of Uskayaw.
  3298 | D:3      | Found a white marble altar of Elyvilon.
  3607 | D:3      | Found a transporter.
  3614 | D:3      | Noticed an ancient zyme
  3615 | D:3      | Found a one-way gate to the infinite horrors of the Abyss.
  3615 | D:3      | Noticed styxcanada's ghost (amateur SpBr)
  3710 | D:3      | Found a transporter.
  4216 | D:4      | Reached skill level 5 in Maces & Flails
  4539 | D:4      | Reached XP level 6. HP: 52/52 MP: 7/7
  4552 | D:4      | Reached *** piety under Lugonu
  4987 | D:5      | Entered Level 5 of the Dungeon
  5169 | D:5      | Found a staircase to the Ecumenical Temple.
  5510 | D:5      | Reached skill level 5 in Fighting
  5512 | D:5      | Noticed Eustachio
  5544 | D:5      | Killed Eustachio
  5545 | D:5      | Gained mutation: You curl defensively after being hit.
                  | [Palentonga growth]
  5545 | D:5      | Reached XP level 7. HP: 14/59 MP: 8/8
  6821 | D:6      | Identified the +3 plate armour "Peqoowegg" {Dex+2}
  6857 | D:6      | Noticed a shadow
  6882 | D:6      | Killed a shadow
  6883 | D:6      | Reached skill level 6 in Fighting
  6883 | D:6      | Reached XP level 8. HP: 37/68 MP: 7/9
  7049 | D:6      | Found Hilauzou's Weapon Shop.
  8198 | D:6      | Found Soxaessa's General Store.
  8211 | D:6      | Bought a scroll of identify for 20 gold pieces
  8238 | D:6      | Identified the +7 ring mail of Pleasant Breezes {+Inv rElec
                  | Dex+4}
  8239 | D:6      | - this will do nicely
  8434 | D:6      | Reached **** piety under Lugonu
  8748 | D:6      | Found Idetzi's Assorted Antiques.
  8754 | D:6      | Bought a smoky yellow potion for 18 gold pieces
  8793 | D:6      | Reached skill level 5 in Invocations
  8929 | D:7      | Noticed a slime creature
  8953 | D:7      | Found a sacrificial altar of Ru.
  8957 | D:7      | Killed a slime creature
  9216 | D:7      | Found a runed translucent door.
  9220 | D:7      | Noticed Crazy Yiuf
  9314 | D:7      | Reached XP level 9. HP: 54/73 MP: 13/13
 10097 | D:7      | Killed Crazy Yiuf
 10655 | D:8      | Learned a level 1 spell: Sandblast
 10657 | D:8      | Learned a level 1 spell: Pain
 10663 | D:8      | Found a snail-covered altar of Cheibriados.
 10882 | D:8      | Reached skill level 5 in Armour
 11077 | D:8      | Noticed a two-headed ogre
 11126 | D:8      | Killed a two-headed ogre
 11127 | D:8      | Reached XP level 10. HP: 67/81 MP: 16/16
 11346 | D:9      | Noticed a two-headed ogre
 11381 | D:8      | Reached skill level 1 in Shields
 11485 | D:9      | Gained mutation: You are dopey. (Int -2) [potion of
                  | mutation]
 11485 | D:9      | Gained mutation: Your system is resistant to poisons.
                  | (rPois) [potion of mutation]
 11485 | D:9      | Gained mutation: You are very dopey. (Int -4) [potion of
                  | mutation]
 11485 | D:9      | Gained mutation: You passively dampen the noise of your
                  | surroundings. [potion of mutation]
 11488 | D:9      | - this is ridiculous
 11502 | D:9      | Reached skill level 1 in Earth Magic
 11634 | D:9      | - nasty
 11957 | D:9      | Noticed a gargoyle
 12020 | D:9      | Reached skill level 7 in Fighting
 12977 | D:9      | Found a staircase to the Lair.
 13037 | D:9      | HP: 1/126 [gargoyle/stone arrow (18)]
 13038 | D:9      | Killed a gargoyle
 13039 | D:9      | - well
 13865 | D:9      | Noticed an obsidian statue
 13882 | D:9      | Found Nasteo's General Store.
 13890 | D:9      | Bought a potion of curing for 30 gold pieces
 14215 | Lair:1   | Entered Level 1 of the Lair of Beasts
 14245 | Lair:1   | Noticed a cane toad
 14269 | Lair:1   | HP: 3/85 [cane toad (11)]
 14271 | Lair:1   | - nuts
 14308 | Lair:1   | HP: 3/79 [poisoned by a water moccasin]
 14637 | D:9      | - damn
 14679 | D:10     | Entered Level 10 of the Dungeon
 14691 | D:9      | Reached skill level 8 in Fighting
 14996 | D:10     | Found a broken altar of Ashenzari.
 15058 | D:10     | Reached skill level 1 in Evocations
 15139 | D:10     | Reached XP level 11. HP: 78/92 MP: 17/17
 15144 | D:10     | Reached ***** piety under Lugonu
 15373 | D:10     | Found a runed translucent door.
 15375 | D:10     | Noticed a sixfirhy
 15861 | D:10     | Noticed Maurice
 15879 | D:10     | Killed Maurice
 16025 | D:11     | Noticed a two-headed ogre
 16051 | D:11     | Killed a two-headed ogre
 16491 | D:11     | Noticed Nergalle
 16492 | D:11     | Noticed Nergalle
 16492 | D:11     | Nergalle changed into Nergalle the snapping turtle
 16499 | D:11     | Noticed Psyche
 16512 | D:11     | Banished Nergalle the snapping turtle
 16520 | D:11     | Killed Psyche
 16521 | D:11     | Reached skill level 5 in Earth Magic
 16521 | D:11     | You fall into a shaft and drop 2 floors!
 16522 | D:13     | - oh hell
 16545 | D:13     | Noticed a brown ugly thing
 16551 | D:13     | Noticed a green ugly thing
 16599 | D:13     | Killed a red ugly thing
 16607 | D:13     | - ahh don't type so fast
 16626 | D:13     | Banished a red ugly thing
 16747 | D:13     | Found a flagged portal.
 16870 | Bailey   | Entered a bailey
 17297 | Bailey   | Reached skill level 5 in Evocations
 18139 | Bailey   | - does that mean one of these dudes read an acq
 19216 | Bailey   | Acquired 1170 gold pieces
 19217 | Bailey   | Acquired the amulet "Ahygy" {Regen+ Slay+3}
 19218 | Bailey   | - pretty decent
 19224 | Bailey   | - and this lajatang...
 19316 | D:13     | - now can I get home
 19464 | D:3      | Bought a scroll of fear for 49 gold pieces
 19524 | D:6      | Bought a scroll of identify for 42 gold pieces
 19524 | D:6      | Bought a scroll labelled YSMOTA PULEG for 21 gold pieces
 19524 | D:6      | Bought a shiny buckler for 157 gold pieces
 19524 | D:6      | Bought a scroll labelled GUECZEI VUIGY for 21 gold pieces
 19524 | D:6      | Bought 3 scrolls labelled MAL EGUN WIYSK for 63 gold pieces
 19615 | D:6      | Bought a scroll of magic mapping for 35 gold pieces
 19615 | D:6      | Bought a potion of might for 40 gold pieces
 19615 | D:6      | Bought a scroll of teleportation for 30 gold pieces
 19637 | D:6      | Bought a +6 whip of venom for 385 gold pieces
 19637 | D:6      | Bought a +4 morningstar of distortion for 352 gold pieces
 19853 | D:11     | Noticed Urug
 19854 | D:11     | - good old Urug
 19862 | D:11     | Killed Urug
 19868 | D:11     | - suddenly spoiled for weapons
 20059 | D:11     | Reached skill level 9 in Fighting
 20072 | D:11     | Found a staircase to the Orcish Mines.
 20191 | D:11     | Noticed a deep elf pyromancer
 20202 | D:11     | Killed a deep elf pyromancer
 20203 | D:11     | Reached XP level 12. HP: 40/101 MP: 16/18
 20250 | D:11     | Reached skill level 10 in Maces & Flails
 21167 | Lair:1   | Reached skill level 10 in Fighting
 21259 | Lair:1   | You fall into a shaft and drop 1 floor!
 21599 | Lair:1   | Noticed a five-headed hydra
 21603 | Lair:1   | Killed a five-headed hydra
 21604 | Lair:1   | Reached skill level 1 in Staves
 21865 | Lair:1   | Noticed a five-headed hydra
 21872 | Lair:1   | Killed a five-headed hydra
 22530 | Lair:2   | Found a staircase to the Shoals.
 23010 | Lair:3   | Found a staircase to the Snake Pit.
 23278 | Lair:3   | Noticed a five-headed hydra
 23294 | Lair:3   | Killed a five-headed hydra
 23295 | Lair:3   | Reached skill level 10 in Invocations
 23310 | Lair:3   | Noticed a death yak
 23311 | Lair:3   | Noticed a death yak
 23323 | Lair:3   | Noticed a death yak
 23325 | Lair:3   | Noticed a death yak
 23326 | Lair:3   | Noticed a death yak
 23332 | Lair:3   | Killed a death yak
 23341 | Lair:3   | Killed a death yak
 23350 | Lair:3   | Banished a death yak
 23356 | Lair:3   | Banished a death yak
 23357 | Lair:3   | Reached skill level 5 in Staves
 23357 | Lair:3   | Reached XP level 13. HP: 107/110 MP: 20/20
 23568 | Lair:3   | Found a snail-covered altar of Cheibriados.
 23600 | Lair:3   | Reached skill level 1 in Dodging
 23900 | Lair:4   | Reached ****** piety under Lugonu
 23998 | Lair:4   | You fall into a shaft and drop 2 floors!
 23998 | Lair:6   | Entered Level 6 of the Lair of Beasts
 23999 | Lair:6   | - yikes
 24001 | Lair:6   | Found a staircase to the Slime Pits.
 24375 | Lair:4   | Noticed Murgh's ghost (journeyman MiBe)
 24375 | Lair:4   | Noticed Senaot's ghost (journeyman GrFi)
 24394 | Lair:4   | Found a transporter.
 24804 | Lair:4   | Found a transporter.
 25919 | Lair:6   | Paralysed by a floating eye for 4 turns
 25924 | Lair:6   | Paralysed by a floating eye for 3 turns
 26089 | Lair:6   | Identified the +4 mace "Neschuli" {vorpal, rPois rC+ Str-5}
 26107 | Lair:6   | Reached skill level 5 in Dodging
 26542 | Lair:6   | Reached XP level 14. HP: 115/117 MP: 19/21
 26770 | Lair:6   | Reached skill level 10 in Staves
 27186 | Lair:6   | Identified the +3 scale mail "Iwaal" {Rampage Str+3 Dex+3
                  | Slay-4}
 27622 | Orc:1    | Entered Level 1 of the Orcish Mines
 28276 | Orc:2    | Entered Level 2 of the Orcish Mines
 28300 | Orc:2    | Found a staircase to the Elven Halls.
 28521 | Orc:2    | Reached skill level 11 in Fighting
 28881 | Orc:2    | Noticed an orc warlord
 28987 | Orc:2    | Banished an orc warlord
 29637 | Orc:2    | Noticed Blork the orc
 29656 | Orc:2    | Killed Blork the orc
 29749 | Orc:2    | Found Dimnose's General Store.
 29779 | Orc:2    | Found Qeebb's Antique Armour Emporium.
 29802 | Orc:2    | Found Veningac's Jewellery Emporium.
 29837 | Orc:2    | Found Vanuen's Antique Weapon Emporium.
 30108 | Orc:2    | Bought a glowing helmet for 180 gold pieces
 30108 | Orc:2    | Bought an embroidered scarf for 192 gold pieces
 30108 | Orc:2    | Bought a glowing scarf for 192 gold pieces
 30291 | D:3      | Bought a potion of invisibility for 112 gold pieces
 30291 | D:3      | Bought a potion of haste for 140 gold pieces
 30291 | D:3      | Bought a potion of degeneration for 14 gold pieces
 30451 | D:9      | Bought an Inescapable Atlas for 340 gold pieces
 30546 | D:12     | Reached skill level 12 in Fighting
 30856 | D:12     | Reached XP level 15. HP: 125/128 MP: 22/22
 31024 | D:12     | Noticed Sonja
 31025 | D:12     | Noticed Sonja
 31025 | D:12     | Sonja changed into Sonja the fire bat
 31030 | D:12     | Killed Sonja the fire bat
 31057 | D:12     | Found Itimuapar's Antique Armour Shoppe.
 31619 | D:13     | Identified the ring of Desertification {Wiz Drain Will++}
 31711 | D:14     | Learned a level 2 spell: Blink
 32018 | D:14     | Found a gate to the Vaults.
 32843 | D:14     | Reached skill level 1 in Translocations
 33090 | D:14     | Found a stormy altar of Qazlal.
 33376 | Snake:1  | Entered Level 1 of the Snake Pit
 33834 | Snake:1  | Noticed a nagaraja
 33869 | Snake:1  | Killed a nagaraja
 34032 | Snake:1  | Reached skill level 5 in Translocations
 34266 | Snake:1  | Found Okuty's General Store.
 34269 | Snake:1  | Found Louwni's Specific Store.
 34278 | Snake:1  | Bought a scroll of identify for 30 gold pieces
 34278 | Snake:1  | Bought a scroll of identify for 30 gold pieces
 34278 | Snake:1  | Bought a scroll of identify for 30 gold pieces
 34385 | Snake:2  | Found a basalt altar of Yredelemnul.
 35169 | Snake:2  | Got the Almanac of Psychosis
 35210 | Snake:2  | Reached XP level 16. HP: 101/135 MP: 25/25
 35590 | Snake:3  | Found Woato's Magic Scroll Shoppe.
 35788 | Snake:3  | Identified the +1 robe "Henut" {MP+9 Dex+2 Slay+2}
 35813 | Snake:3  | Bought a scroll of identify for 24 gold pieces
 35814 | Snake:3  | Found Xijikkea's Book Emporium.
 37049 | D:6      | Bought a wand of flame (20) for 110 gold pieces
 37213 | Shoals:1 | Entered Level 1 of the Shoals
 37305 | Shoals:1 | Found a frozen archway.
 37359 | Shoals:1 | - SLOW DOWN fool
 37403 | IceCv    | Entered an ice cave
 37527 | IceCv    | - Jiyva again
 37798 | IceCv    | Learned a level 5 spell: Lee's Rapid Deconstruction
 37874 | IceCv    | Identified the +0 helmet "Bolalant" {-Cast Str+5 SInv}
 38156 | IceCv    | Reached skill level 10 in Armour
 38273 | IceCv    | Found a viscous altar of Jiyva.
 38377 | IceCv    | Got Sif Muna's Reference Book on Ice
 38383 | IceCv    | Got the +8 hunting sling "Axky" {freeze, Will+ Str-3 Int+4}
 38387 | IceCv    | Got the ring "Bomoh" {rPois rC+ Will- SInv}
 38644 | Shoals:1 | Reached skill level 13 in Fighting
 39174 | Shoals:1 | Reached skill level 1 in Necromancy
 39282 | Shoals:1 | Found a large runed translucent door.
 39282 | Shoals:1 | Found a large runed translucent door.
 39282 | Shoals:1 | Noticed Heh's ghost (adept DsGl)
 39525 | Shoals:2 | Reached XP level 17. HP: 146/146 MP: 24/26
 40162 | Shoals:2 | Reached skill level 14 in Fighting
 40311 | Shoals:2 | - what is this sears me business
 40627 | Shoals:3 | Noticed Ilsuiw
 40627 | Shoals:3 | Noticed Nikola
 40633 | Shoals:2 | Banished Ilsuiw
 40634 | Shoals:2 | - well that was anti-climactic
 40681 | Shoals:3 | Killed Nikola
 40803 | Shoals:3 | Reached skill level 5 in Necromancy
 41626 | Snake:4  | Entered Level 4 of the Snake Pit
 41635 | Snake:4  | Reached skill level 15 in Fighting
 41678 | Snake:4  | Noticed Asterion
 41867 | Snake:4  | Gained mutation: You occasionally shout uncontrollably at
                  | your foes. [a cacodemon]
 41873 | Snake:4  | Killed Asterion
 42026 | Snake:4  | Noticed Kirke
 42033 | Snake:4  | Banished Kirke
 42300 | Snake:4  | Noticed Aizul
 42325 | Snake:4  | Killed Aizul
 42521 | D:9      | Lost mutation: You passively dampen the noise of your
                  | surroundings. [potion of mutation]
 42521 | D:9      | Lost mutation: Your system is resistant to poisons. (rPois)
                  | [potion of mutation]
 42521 | D:9      | Gained mutation: Your flesh is heat resistant. (rF+)
                  | [potion of mutation]
 42521 | D:9      | Gained mutation: You are weak. (Str -2) [potion of
                  | mutation]
 42521 | D:9      | Gained mutation: You can roll at foes to attack. [potion of
                  | mutation]
 42521 | D:9      | Lost mutation: You are very dopey. (Int -4) [potion of
                  | mutation]
 42589 | D:11     | Lost mutation: You are dopey. (Int -2) [potion of mutation]
 42589 | D:11     | Lost mutation: You are weak. (Str -2) [potion of mutation]
 42589 | D:11     | Gained mutation: You are somewhat resistant to further
                  | mutation. [potion of mutation]
 42596 | D:11     | Learned a level 5 spell: Borgnjor's Vile Clutch
 43035 | Snake:4  | Found the amulet of the Four Winds {rN+ Will+++ Clar}
 43448 | Snake:4  | Reached XP level 18. HP: 124/159 MP: 27/27
 44365 | Snake:4  | Reached skill level 10 in Translocations
 44529 | Snake:4  | Reached skill level 10 in Necromancy
 44529 | Snake:4  | Reached skill level 10 in Earth Magic
 44558 | Snake:4  | Reached skill level 1 in Spellcasting
 44591 | Snake:4  | Noticed Vashnia
 44643 | Snake:4  | Killed Vashnia
 44772 | Snake:4  | Got a serpentine rune of Zot
 44840 | Snake:3  | Bought a scroll of blinking for 90 gold pieces
 44840 | Snake:3  | Bought a scroll of enchant weapon for 90 gold pieces
 45012 | Shoals:4 | Entered Level 4 of the Shoals
 45181 | Shoals:4 | Reached skill level 5 in Spellcasting
 45308 | Shoals:4 | Got Caatupto's Almanac of Cold and Clay
 46056 | Shoals:4 | Identified the +6 hand crossbow of the Dancing Madman
                  | {speed, rC+ rCorr Str+4}
 46282 | Shoals:4 | Got a barnacled rune of Zot
 46804 | Shoals:2 | Identified the +0 helmet of the Bulwark {rN+}
 47066 | D:15     | Entered Level 15 of the Dungeon
 47090 | D:15     | Corrupted D:15
 47090 | D:15     | Noticed a hellephant
 47091 | D:15     | - i got to quit mixing up z and a
 47499 | D:15     | Found a staircase to the Depths.
 47837 | Vaults:1 | Entered Level 1 of the Vaults
 48228 | Vaults:1 | Identified the ring "Jihin" {Will+ MP+9 Dex+3}
 48240 | Vaults:1 | Reached XP level 19. HP: 132/155 MP: 14/28
 48864 | Vaults:1 | Corrupted Vaults:1
 48865 | Vaults:1 | - how do ikeep doing this
 50664 | Vaults:1 | Learned a level 5 spell: Manifold Assault
 50974 | Vaults:2 | Identified the +1 chain mail of Midwinter {rC+}
 51089 | Vaults:2 | - i think switching is the right idea
 51217 | Vaults:2 | Corrupted Vaults:2
 51217 | Vaults:2 | Noticed a bone dragon
 51222 | Vaults:2 | - again!
 51235 | Vaults:2 | Noticed a profane servitor
 51286 | Vaults:2 | Identified the +9 plate armour "Cuqepn" {rC+ Int+3}
 51338 | Vaults:2 | Reached XP level 20. HP: 84/173 MP: 3/33
 51624 | Vaults:2 | Found a staircase to the Crypt.
 51777 | Vaults:2 | Acquired the ring of Fent {rPois rN+ Will+ Dex+2}
 51800 | Vaults:2 | You fall into a shaft and drop 2 floors!
 52200 | Vaults:4 | - who is hitting me so hard
 52781 | Vaults:3 | You fall into a shaft and drop 1 floor!
 52808 | Vaults:4 | - ohshit
 52808 | Vaults:4 | Mangled by a vault warden

Illustrated notes #.....#.#####.#...... #.....#.....#.#....#. #####.#####.#.#####.. #..........##..... #...###.#####.##.. #...# #.# #.. #...# #.# #.. #...###.## #.. #........# #.. #........'......#. #@.......##.....#. #........# .... #........# ... #.......... .$ #########... . ... Turn 8239 on D:6: - this will do nicely ######### ....(...# ########.######### ##@V.......<....... #.........######### #..#####..# #..# #..# #..# #..# .... #..# ##..# .... #..# #..## Turn 11488 on D:9: - this is ridiculous ########.######## ##.........<...... #.........######## #..#####..# # #..# #..# #.##..#####..# #........##..# ####..##...... #..# #..## #..##..#. #@........ #.###..##. #.# .# #.# # #.# #.# #.# #.# Turn 11634 on D:9: - nasty ###.. ##........ .... ### #......... #... .. ..# #......... ... ..##.# #.#....... #KK #.##.# #.##...... ##.K #.##.# #.######## ##...## #.##.# #..# #....<###.##.## #..# #..............###..## #...)....)...........# #.......##♣####.###.## ##..)..###.# #.# ### ##...## #.## #.# #### #..# #.. ##.# #.. #.# #..# #.# #..# #.# #..# ... #.. ### Turn 13039 on D:9: - well # # #. .# ## #. #.. ... #.. #.#.P.# ..(#..###.....# ..............# . #@..# # .......#..# .## ####(.##..##(..# ..(# ##F....# ####.###.###..# ##.#YY## ..# #....Y.##..## #.#.####....<.P...#.. #.......#........... ..######.....#.####.. ##.#.#### Turn 14271 on Lair:1: - nuts #.# #.#......### #.# #.#.......|8 #.# #.#......### #)# #.#..).###.# ###.### #.#...## #.# ###.....### #.#:..####.# ##.........###.#..###.... ##...........##.#..##..... ##............#..#..##..#.# #### #.............##.#..##..#.# ...# #.........@...##.#..#...#.. ##.# #.#...........#..#..#...... ##.# #.##.........##..#..##.###. ##.# #.##############.#..##..... ##.# #..# #.# #.#..######. ##.## #..# #.# ##.#..######. ....###..## #.###......#..... ..........# #.##..........### ####.###.## #.#......#.∩.## # #.# ### #.............## ## #.######## #..........#...## Turn 14637 on D:9: - damn ........# ........# ........# ........# ........# T.......# ........# .......h# ######### Turn 16522 on D:13: - oh hell ###### #....#### ###### #.......# ......######.......###### )!.........T............. #+####..T######.......... #..u# #.......... #..@# #..######## #.○.# #..# # #.○.# +..# # #.○.# #..# # )..........[... # ########.C...... # #.........######## #................. ...>### ##...... ....# +...u.. ....#... #...... Turn 16607 on D:13: - ahh don't type so fast ≈≈.....)'..#.≈....≈..∩∩∩.....≈[[. ≈≈..o.).'..#.≈.≈≈.≈..⌠.⌠..≈≈[≈... ≈...#####.)#.≈≈.≈.≈≈≈...≈≈≈.≈≈.[≈ ...≈≈§≈≈#.o##.≈.≈≈..≈≈≈≈≈[[≈≈..⌠≈ o.§≈o≈≈≈#).⌠#.≈≈.≈≈≈....[≈≈≈...≈≈ (.≈≈.≈≈≈#...#..≈≈..≈≈≈≈≈≈≈[...≈≈# ..≈.≈≈≈≈#...#.⌠.≈≈≈.......≈≈[.≈## ≈≈≈.≈≈≈≈#...##....≈≈≈≈≈≈≈≈≈...≈# ≈..≈≈≈≈≈#....#####.......[....≈# .≈≈≈≈≈≈≈#.......(##########+#### ##.....)@.........)....# ##.......(......).)..## ##≈≈≈≈≈≈≈≈≈≈≈≈≈≈≈≈≈## ################### Turn 18139 on Bailey: - does that mean one of these dudes read an acq ##.....................# #.......⌠##########'#### #....#####............≈# #...##....≈≈≈≈≈≈≈≈≈...≈# #...#.⌠.≈≈≈.......≈≈..≈## #...#..≈≈[.≈≈≈≈≈≈≈....≈≈## #..⌠#.≈≈.≈≈≈.....≈≈≈...≈≈## #.[##.≈.≈≈[.≈≈≈≈≈..≈≈..⌠≈≈# #..#.≈≈.≈.≈≈≈...≈≈≈.≈≈..≈≈# '[.#.≈.≈≈.≈..⌠.⌠..≈≈.≈[..≈# '..#.≈....≈..∩∩∩@....≈[[.≈# '..#.≈.≈≈.≈..⌠.⌠..≈≈[≈...≈# #.[#.≈≈.≈.≈≈≈...≈≈≈.≈≈.[≈≈# #.[##.≈.≈≈..≈≈≈≈≈[[≈≈..⌠≈≈# #[.⌠#.≈≈.≈≈≈....[≈≈≈...≈≈## #...#..≈≈..≈≈≈≈≈≈≈[...≈≈## #...#.⌠.≈≈≈.......≈≈[.≈## #...##....≈≈≈≈≈≈≈≈≈...≈# #....#####.......[....≈# #...)...⌠##########+#### ##.....[[.........[....# Turn 19218 on Bailey: - pretty decent ##.....................# #.......⌠##########'#### #....#####............≈# #...##....≈≈≈≈≈≈≈≈≈...≈# #...#.⌠.≈≈≈.......≈≈..≈## #...#..≈≈[.≈≈≈≈≈≈≈....≈≈## #..⌠#.≈≈.≈≈≈.....≈≈≈...≈≈## #.[##.≈.≈≈[.≈≈≈≈≈..≈≈..⌠≈≈# #..#.≈≈.≈.≈≈≈...≈≈≈.≈≈..≈≈# '[.#.≈.≈≈.≈..⌠.⌠..≈≈.≈[..≈# '..#.≈....≈..∩∩∩@....≈[[.≈# '..#.≈.≈≈.≈..⌠.⌠..≈≈[≈...≈# #.[#.≈≈.≈.≈≈≈...≈≈≈.≈≈.[≈≈# #.[##.≈.≈≈..≈≈≈≈≈[[≈≈..⌠≈≈# #[.⌠#.≈≈.≈≈≈....[≈≈≈...≈≈## #...#..≈≈..≈≈≈≈≈≈≈[...≈≈## #...#.⌠.≈≈≈.......≈≈[.≈## #...##....≈≈≈≈≈≈≈≈≈...≈# #....#####.......[....≈# #...)...⌠##########+#### ##.....[[.........[....# Turn 19224 on Bailey: - and this lajatang... #... ##....# #....# #....# #####....# ..........# .###+####.# #.#### #....# #....# ...#+######....# .......@.......# ...............# ###............# +........##### #........# #........# #........# #........# #........# #........# #........# Turn 19316 on D:13: - now can I get home ..# .. .. #. ..# #.. .[#.. ##...## .####....^##### ...o........... Z......@....... ........#...... .....#### ..... .... .... ... ... ## .. . Turn 19854 on D:11: - good old Urug ..# .. ## .. #.. .. ..###... .. # .[#..# ###. ##...## #....####....^##### ................... #..........<....... #.......@...#...... #........#### ..... #..#....## .... ........# ... ##..##..# .. ##. ##.# . # #.. ## Turn 19868 on D:11: - suddenly spoiled for weapons ............... .......k.Y..Y.. .......Y...Y.P. ....Y........# ............. ...YY......# . r....r....#.... ...(.P.@....# .rrr..r........ ......#........ ............... .r... .......h# .............## .... ........# ..(........P.. Turn 23999 on Lair:6: - yikes

≈≈≈≈≈≈≈≈≈≈≈≈,,,,,,,,,,,,,≈≈≈≈≈≈≈≈
≈≈≈≈≈≈≈≈≈≈≈≈,,,,,,,,,,,,,,≈≈≈≈≈≈≈
≈≈≈≈≈≈≈≈≈≈≈≈≈,,,,,,,,,,,,,,≈≈≈≈≈≈
≈≈≈≈≈≈≈≈≈≈≈≈≈...........,,,≈≈≈≈≈≈
≈≈≈≈≈≈≈≈).≈≈≈≈[.........,,≈≈≈≈≈≈≈
≈≈≈≈,,,...≈≈≈≈..)...m...,≈≈≈≈≈≈≈≈
≈≈≈≈,,...≈≈≈≈≈≈>....∩...,,≈≈≈≈≈≈≈
≈≈≈≈≈|..≈≈≈≈≈H≈....Z?...,,≈≈≈≈≈≈≈
≈≈≈≈≈≈≈≈≈≈≈.≈≈≈....Z....,,≈≈≈≈≈≈≈
≈≈≈≈≈≈≈≈≈≈≈......Z......,≈≈≈≈≈≈≈≈
≈≈≈≈≈≈≈≈≈≈≈.....@.......,≈≈≈≈≈≈≈≈
≈≈≈≈≈≈≈≈≈≈..............,≈≈≈≈≈≈≈≈
≈≈≈≈≈≈≈≈≈≈..............≈≈≈≈≈≈≈≈≈
≈≈≈≈≈≈≈≈≈≈.≈...........≈≈≈≈≈≈≈≈≈≈
≈≈≈≈≈≈≈≈≈≈..............≈≈≈≈≈≈≈≈≈
≈≈≈≈≈≈≈≈≈≈≈..........≈..,≈≈≈≈≈≈≈≈
≈≈..≈≈≈≈≈.≈≈##.....≈...≈≈≈≈≈≈≈≈≈≈
≈≈.........≈##.....≈≈.≈≈≈≈≈≈≈≈≈≈≈
≈....###....#.###.....≈≈≈≈≈≈***≈≈
≈.#***##....#.*#*#.≈≈≈≈≈≈≈≈≈* *≈≈
≈,*####....##..#**≈≈≈≈≈≈≈≈≈≈***≈≈


Turn 37359 on Shoals:1: - SLOW DOWN fool #..# #..# ### #.####.## #..##...#
#.....∩∩# #..##...# ##.####.## #..# ### #..# ##.## #.@# #..# #..## #... ....#
....# .Z..Z ..... Turn 37527 on IceCv: - Jiyva again ≈≈≈≈≈≈≈≈≈≈≈≈.##
≈P≈≈≈≈≈≈≈≈≈≈... ≈≈≈≈≈≈≈.... ≈≈≈≈..≈)..# ≈≈≈≈..≈...# ≈≈≈.......# ≈≈≈........
#############).# ###.#P##.#### ##.. #...≈≈PPPP..# ### #@..P≈≈...≈.######
†.≈..m§).##≈≈≈#PP##...## ........>##≈≈##≈≈##.P##P .≈≈...#..≈≈≈≈≈≈≈≈≈......
.....##..≈≈≈≈≈≈≈≈≈≈≈≈... .........##≈≈##≈≈##≈≈##. .... ≈..≈m#≈≈##≈≈≈#≈≈#≈. ≈...
##≈≈≈≈≈≈≈≈≈≈≈≈≈≈≈≈. # ≈≈≈≈≈≈≈≈≈≈≈≈≈.≈P ####≈###≈≈####P≈# ## ##≈# #P≈# Turn 40311
on Shoals:2: - what is this sears me business ..#.....# ##...≈≈≈≈....≈≈≈≈≈.##
........# #...≈≈≈≈≈.)...≈≈≈≈.## ).####### ####≈#≈≈≈......≈≈≈... #..##.###
#######≈≈...#....≈≈... ###.....# #...≈#≈....##...≈≈≈≈≈≈ ###.....#
#..≈≈≈#....###...≈≈≈≈≈ .##.##..######≈≈≈≈≈.........≈≈≈≈.
##P.##..##...#≈.≈≈≈≈........≈≈≈.. ..........#.....#§....#..≈≈≈÷...#
.........##.....#§§..##.....))..# ##.###≈≈#...####@§P§###.....#))..
#≈.###P≈≈≈≈≈#≈.°§..P# #....##)..≈ ≈≈....≈≈≈≈≈≈≈≈..##<.###....##.).≈
..P....≈≈≈≈≈≈P..##≈.##.....###)≈≈ P≈#######≈####...≈≈P##.........≈≈
P≈##≈###≈≈###.####≈...#.P.......≈ ≈≈≈≈P≈P≈≈≈≈≈..≈P≈≈≈≈.........≈..≈
≈≈≈P≈≈≈.≈≈≈≈.≈≈≈≈≈≈≈..##)......≈≈ ≈≈≈≈≈≈P≈≈≈≈≈≈≈≈≈PP≈≈≈..........≈≈
≈≈≈≈≈≈≈≈≈≈≈≈≈≈≈≈≈≈P≈≈≈.........≈≈ ≈≈≈≈≈≈≈≈≈≈≈≈≈≈≈≈≈≈P≈≈≈≈≈≈≈≈≈....≈ Turn 40634
on Shoals:2: - well that was anti-climactic ## ##### ####.###3.#.##
.hX..Y..3...## #X.....X3..h# #3x..X..V.## .###......(...# ...X...@#....#
.####5X..#...# #.3.......# #......##.# ..#2X..32....# ###.3.##X###.# ..C# .# #.#
##.h .. #.# #.. #.# #.. #.# #.# Turn 47091 on D:15: - i got to quit mixing up z
and a ####..# #..#..# #..#..+ ####### #..'..# ......# #..'..# ......# .#p#....#
......# ##p§#..J.# ......# ###..§###### ......# ....X..# ......# #...3.#
#####'#########X@######## ...............3...#....# ....).......Lx.#....x...#
....)..........ZX#x2#..x# ####)#....#..#....#.....# .....#.....[....##......#
#...##..............#..h# #...##..................# .....#.##'#######.......#
#...##.#........#.......# #...##.#........#.......# Turn 48865 on Vaults:1: -
how do ikeep doing this .. .. '####.. ....'. ### ....# #.## u.†.# #..## ....#
#...###).u.# #..†.#'# #....@## #......## #)......## #.....[..# ..
#####'########'# #...#...#...# #...#...#...# #...##'##... ####.....# #..#.....#
#..'.....+ Turn 51089 on Vaults:2: - i think switching is the right idea ## ##
.# #. .# #. #.# #.#..# #....# #### #p..##..... ##@..42... #..55#.... #45#2# .
#5X53# #Zx.5# #L54## ##x3h# #.#x..# ##.##### #.#....# #3.....# Turn 51222 on
Vaults:2: - again! #............#.......... #............#..........
#######'######.......... ........................ ........................
)†........Tu)........... ###########p################# #.....p# #......#
#......##########.####.# #......#........#.#≈≈#.# #......#...@....+.#≈≈#.#
#..)..)#).T.....#.#≈≈#.# #......e........#.####.# #......#.)p.....#......#
#......#........######## ################# Turn 52200 on Vaults:4: - who is
hitting me so hard #.........# #.........# #.........# #.........# #.........#
#.........# #.........# #...p.....# #p)######## ###pp.# #.'@T.# ###+p.# ####
Turn 52808 on Vaults:4: - ohshit

Levels and vault maps discovered:
D:1:      nzn_arrival_depleted_hourglass, layout_basic, minmay_split_cup_small
D:2:      layout_loops_ring, minivault_4, minmay_snake_closets
D:3:      minmay_general_purpose_star, layout_loops_cross, minitemple,
          gammafunk_ghost_abyssal_escape, serial_glass, glass_columns_a,
          glass_columns_c, serial_shops, shop
D:4:      layout_cave_pods
D:5:      layout_rooms, minmay_temple_entry_offerings, uniq_eustachio
D:6:      layout_basic, serial_shops, nicolae_stop_n_shop_1,
          kennysheep_little_box, shop_statue
D:7:      layout_loops_corners, mainiacjoe_overflow_cross_hatched,
          grunt_ministairs_12, uniq_crazy_yiuf_cottage
D:8:      layout_basic, lemuel_round_altar, minmay_fire_ice_demons
D:9:      minmay_statue_hallways, layout_loops_ring, david_lair_shrubbed,
          serial_shops, nicolae_shop_stone
D:10:     cheibrodos_shockbox, layout_basic, evilmike_ruin_ashenzari,
          uniq_maurice
D:11:     layout_layer_cave, zombieorc2_lemuel, uniq_nergalle, uniq_psyche,
          uniq_urug
D:12:     layout_cave_pools, serial_shops, shop_fountains, special_room
          [special_room_bee], uniq_sonja
D:13:     layout_irregular_city, enter_bailey_8, minivault_1
D:14:     minmay_inner_zag, layout_basic, david_vaults_3,
          nicolae_qazlal_style_of_elements
D:15:     hangedman_depths_entry_try_elsewhere_first, layout_small_grid
Lair:1:   layout_loops_ring
Lair:2:   layout_regular_city, elwin_shoals_entry_rooms, serial_bayou,
          serial_bayou_lagoon_b, serial_bayou_ford_a, serial_bayou_pond_c,
          serial_bayou_pond_d, st_stairs_10
Lair:3:   layout_gridlike, kennysheep_snail_temple
Lair:4:   layout_layer_cave, nzn_ghost_randoct, grunt_megastairs_2
Lair:5:   layout_regular_city
Lair:6:   minmay_lair_end_enchanted_forest, layout_cave_shapes,
          minmay_slime_entry_eyes
Shoals:1: layout_shoals, ebering_ghost_disaster_area,
          portal_ice_cave_entry_ice_simulacra
Shoals:2: layout_shoals, nicolae_shoals_lost_giant_pillars,
          nicolae_shoals_hunting_party
Shoals:3: layout_shoals, nicolae_shoals_arrival_archipelago, uniq_ilsuiw,
          uniq_nikola
Shoals:4: shoals_end_grunt_garden, layout_shoals,
          nicolae_shoals_pincushion_passage
Snake:1:  layout_misc_corridors, nicolae_specific_store, grunt_ministairs_13
Snake:2:  layout_onion_interference, basic_altar, st_stairs_9,
          hangedman_snake_pattern
Snake:3:  layout_misc_corridors, nicolae_snake_gridmaze_tees,
          serial_bayou_pond_d, serial_bayou_shore_b, lemuel_fruit_tree,
          minmay_shoptagon
Snake:4:  grunt_snake_rune_serpentine_throne, layout_misc_corridors,
          nicolae_snake_dead_anacondas, uniq_aizul, uniq_asterion, uniq_kirke
Orc:1:    layout_caves
Orc:2:    grunt_orc_cross, layout_caves, nooodl_orcs_dogs
Vaults:1: hangedman_vaults_stagger, vaults_room_pools,
          hangedman_vaults_stitches, nicolae_vaults_big_angled_halls,
          v_pattern_5, ontoclasm_vaults_pinch, nicolae_vaults_display_case,
          nicolae_vaults_what_the_h, nicolae_vaults_little_squares_2,
          nicolae_vaults_hallways_thing, nicolae_vaults_angled_halls,
          grunt_vaults_hallway_short, layout_vaults_omnicross
Vaults:2: biasface_vaults_ghost_orc_armoury, grunt_vaults_diagonal, v_misc_18,
          vaults_room_stairs_pillars, minmay_crypt_entry_skeletal_spiral,
          grunt_vaults_funnel, vaults_dpeg_diagonal, hangedman_vaults_trim,
          nicolae_vaults_little_squares_6, nicolae_vaults_little_squares_6,
          vaults_mumra_minichess, vaults_mumra_chevron, vaults_room_pools,
          layout_vaults_maze_bifur
Vaults:3: v_pattern_4, vaults_dpeg_spiral, v_rooms_2, v_misc_19,
          vaults_room_fours, hangedman_vaults_hard_town_square,
          nicolae_vaults_little_squares_2, ontoclasm_vaults_decontamination,
          ontoclasm_vaults_shuriken, ontoclasm_vaults_chip,
          vaults_mumra_hexcomb, v_alt_pattern_6, layout_vaults_omnigrid,
          enter_trove_0
Vaults:4: nicolae_vaults_quadrants, nicolae_vaults_little_squares_2,
          grunt_vaults_twisty, hangedman_vaults_trim, ontoclasm_vaults_fault,
          ontoclasm_vaults_claustrophobia, vaults_mumra_lcd,
          nicolae_vaults_border_crossing, v_misc_27, vaults_dpeg_encased_lava,
          layout_vaults_big_room

Skill      XL: |  1  2  3  4  5  6  7  8  9 10 11 12 13 14 15 16 17 18 19 20 |
---------------+-------------------------------------------------------------+-----
Maces & Flails | 3 4 5 6 8 9 10 11 12 | 12.1
Fighting       | 4 5 6 8 9 10 12 13 15 | 15.0
Invocations    | 6 9 10 12 | 12.2
Armour         | 2 6 8 9 10 | 10.0
Shields        | 4 |  4.0
Earth Magic    | 3 6 8 9 12 | 12.0
Evocations     | 1 6 9 |  9.0
Staves         | 5 9 11 12 | 12.1
Dodging        | 6 9 |  9.0
Translocations | 6 9 10 | 10.5
Necromancy     | 2 9 10 12 | 12.1
Spellcasting   | 6 9 |  9.0

Action                   |  1- 3 |  4- 6 |  7- 9 | 10-12 | 13-15 | 16-18 | 19-21 || total
-------------------------+-------+-------+-------+-------+-------+-------+-------++-------
Melee: Mace              |   117 |   216 |   362 |   430 |       |       |       ||  1125
       Tailslap          |     9 |    18 |    75 |   185 |   367 |   283 |   194 ||  1131
       Eveningstar       |       |       |       |    57 |     9 |    58 |    31 ||   155
       Whip              |       |       |       |   224 |  1449 |    35 |       ||  1708
       Morningstar       |       |       |       |    76 |   280 |  1197 |       ||  1553
       Quarterstaff      |       |       |       |       |       |   113 |   612 ||   725
       Lajatang          |       |       |       |       |       |       |   405 ||   405
Throw: Dart              |     2 |    36 |    59 |    91 |   112 |    23 |       ||   323
       Boomerang         |       |       |       |       |       |     5 |     8 ||    13
 Cast: Sandblast         |       |       |       |     6 |    37 |   170 |    10 ||   223
       Blink             |       |       |       |       |       |    41 |    10 ||    51
       Lee's Rapid Decon |       |       |       |       |       |    22 |    67 ||    89
       Borgnjor's Vile C |       |       |       |       |       |    42 |    22 ||    64
       Pain              |       |       |       |       |       |     1 |       ||     1
       Manifold Assault  |       |       |       |       |       |       |    19 ||    19
Invok: Depart the Abyss  |     1 |       |       |       |       |       |       ||     1
       Bend Space        |       |       |    17 |    73 |    30 |       |       ||   120
       Banish            |       |       |       |     3 |       |    18 |     2 ||    23
       Corrupt           |       |       |       |       |       |     1 |     2 ||     3
 Abil: Rolling Charge    |    23 |    40 |    51 |   136 |   230 |   264 |    55 ||   799
       Evoke Invisibilit |       |       |       |       |       |     5 |       ||     5
Evoke: Wand              |       |     2 |    13 |    80 |    19 |    71 |     9 ||   194
  Use: Scroll            |       |       |     7 |     8 |     8 |    14 |     4 ||    41
       Potion            |       |       |       |    11 |     1 |    22 |     4 ||    38
 Stab: Paralysed         |       |       |     7 |       |       |     1 |       ||     8
       Sleeping          |       |       |       |       |     1 |       |       ||     1
       Invisible         |       |       |       |       |       |    11 |       ||    11
       Distracted        |       |       |       |       |       |       |     1 ||     1
Armor: Leather armour    |    49 |    35 |       |       |       |       |       ||    84
       Ring mail         |       |    49 |   189 |   400 |   630 |   938 |   589 ||  2795
       Skin              |       |       |       |     1 |       |       |       ||     1
Dodge: Dodged            |    81 |   104 |   151 |   238 |   578 |   727 |   380 ||  2259
Block: Buckler           |       |       |       |   102 |   347 |   366 |       ||   815
